 Dungeon Crawl Stone Soup version 0.32-a0-22-g6ae6769602 (webtiles) character file.

Game seed: 5460765657360123097

259 jasper the Cudgeller (level 5, -3/43 HPs)
             Began as a Mummy Berserker on Jan 18, 2024.
             Was a Believer of Trog.
             Killed from afar by an orc wizard (9 damage)
             ... with a magic dart
             ... on level 3 of the Dungeon.
             The game lasted 00:05:55 (2527 turns).

jasper the Cudgeller (Mummy Berserker)              Turns: 2527, Time: 00:05:55

Health: -3/43      AC:  6    Str: 23    XL:     5   Next: 94%
Magic:  5/5        EV: 10    Int:  6    God:    Trog [**....]
Gold:   102        SH:  0    Dex: 11    Spells: 4/4 levels left

rFire   x . .        a - +1 mace
rCold   + . .        (no shield)
rNeg    + + +        i - +0 scale mail
rPois   ∞            (no helmet)
rElec   .            (no cloak)
rCorr   .            (no gloves)
SInv    .            (no boots)
Will    ++...        (no amulet) Stlth
                     (no ring)
HPRegen 1.27/turn    (no ring)
MPRegen 0.09/turn

%: faith
@: strong-willed, regenerating
A: cold resistance 1, negative energy resistance 3, torment resistance 2, heat
vulnerability 1, in touch with death 1, no potions, faith
a: Renounce Religion, Trog's Hand


You were on level 3 of the Dungeon.
You worshipped Trog.
Trog was pleased with you.
You visited 1 branch of the dungeon, and saw 4 of its levels.

You collected 102 gold pieces.

Inventory:

Hand Weapons
 a - a +1 mace (weapon)
 f - a +0 whip
 l - a +0 dagger
Missiles
 d - 14 poisoned darts (quivered)
 e - 26 stones
 k - 5 javelins
Armour
 b - a +0 animal skin
 c - a +0 ring mail
 i - a +0 scale mail (worn)
Jewellery
 h - a +5 ring of evasion
Wands
 g - a wand of charming (8)
Scrolls
 j - a scroll of fear


   Skills:
 + Level 4.5 Fighting
 * Level 4.7 Maces & Flails
 - Level 1.5 Armour
 - Level 1.5 Dodging


You had 4 spell levels left.
You didn't know any spells.
Your spell library was empty.

Dungeon Overview and Level Annotations

Branches:
Dungeon (4/15)
 Temple: D:4-7

Altars:
Xom

Shops:
D:2 *   D:3 !


Innate Abilities, Weirdness & Mutations

You are immune to poison.
Your flesh is cold resistant. (rC+)
You are immune to negative energy. (rN+++)
You are immune to unholy pain and torment.
You are vulnerable to heat. (rF-)
You are in touch with the powers of death.
You do not drink.
You have a special connection with the divine. (Faith)


Message History

You hit something.
You hear some strange, mumbled words.
A magic dart appears from out of thin air!
The magic dart hits you.
* * * LOW HITPOINT WARNING * * *
You hear some strange, mumbled words.
A magic dart appears from out of thin air!
The magic dart hits you but does no damage.
You take 1 damage, and have 7/43 hp.
You closely miss something. Something hits you but does no damage.
You miss something. Something hits you but does no damage.
You regained 2 hp, and now have 10/43 hp.
You completely miss something. Something hits you.
* * * LOW HITPOINT WARNING * * *
You take 1 damage, and have 9/43 hp.
You closely miss something. Something hits you but does no damage.
You regained 2 hp, and now have 11/43 hp.
You closely miss something. Something hits you.
* * * LOW HITPOINT WARNING * * *
You take 1 damage, and have 10/43 hp.
You closely miss something. Something hits you.
* * * LOW HITPOINT WARNING * * *
Something hits you but does no damage.
You take 1 damage, and have 9/43 hp.
You miss something. Something hits you.
* * * LOW HITPOINT WARNING * * *
You take 1 damage, and have 8/43 hp.
You hit something but do no damage. Something hits you but does no damage.
You regained 2 hp, and now have 10/43 hp.
You closely miss something.
You hear some strange, mumbled words.
A magic dart appears from out of thin air!
The magic dart hits you!
* * * LOW HITPOINT WARNING * * *
You take 6 damage, and have 4/43 hp.
You barely miss something.
You hear some strange, mumbled words.
A magic dart appears from out of thin air!
The magic dart hits you!
You die...

...........## #............
#####.######
########.....#####.. #.#
#..^...##...##...##. #.#
##......##.##.....## #.#
#####.###.#.......#
#.######### #...'.#...:...'
#.#<......# #...#.#.......#
#.#.......#####.)##.##.....##
#.#....>...{@...##...##...##.
#.#.......#######.....#####..
#.#.....).####..#............
#.#.......##.†.##.....#####..
#.).......##.#####...##...##.
##<.......#...###########..##
#........###....#########.##
#.#.###########...........[.
#!#.#.............[.........


There were no monsters in sight!

Vanquished Creatures
  A bombardier beetle (D:2)
  A hound (D:3)
  Jessica (D:3)
  3 gnolls (D:3)
  8 adders
  A dart slug (D:3)
  5 ribbon worms
  5 endoplasms
  3 giant cockroaches
  4 goblins
  11 hobgoblins
  3 quokkas
  4 ball pythons
  A bat (D:2)
  7 frilled lizards
  6 kobolds
  3 rats
67 creatures vanquished.

Notes
Turn   | Place    | Note
-------+----------+-------------------------------------------
     0 | D:1      | jasper the Mummy Berserker began the quest for the Orb.
     0 | D:1      | Reached XP level 1. HP: 18/18 MP: 1/1
   156 | D:1      | Found a faded altar of an unknown god.
   193 | D:1      | Reached XP level 2. HP: 19/24 MP: 2/2
   378 | D:2      | Found Jacryzink's Assorted Antiques.
   417 | D:2      | HP: 1/24 [constriction (1)]
   490 | D:2      | Reached ** piety under Trog
   491 | D:2      | Reached XP level 3. HP: 5/29 MP: 3/3
  1123 | D:2      | Reached XP level 4. HP: 37/37 MP: 4/4
  1772 | D:3      | Noticed Jessica
  1780 | D:3      | Killed Jessica
  1781 | D:3      | Reached XP level 5. HP: 38/42 MP: 5/5
  1881 | D:3      | Found a shimmering altar of Xom.
  2252 | D:3      | Found Jeluowuc's Distillery.
  2322 | D:3      | Reached *** piety under Trog
  2527 | D:3      | Killed from afar by an orc wizard

Illustrated notes

Levels and vault maps discovered:
D:1:      dpeg_arrival_tiny_f, layout_rooms, shapermc_ecumenical_altar_venn
D:2:      minmay_evil_eye, layout_loops_ring, serial_shops,
          nicolae_shop_dealshenge, grunt_decor_junction, minmay_hexomino_c4
D:3:      minmay_octagon_keep, layout_rooms, nicolae_tso_swordbearing_angel,
          mainiacjoe_overflow_catwalk, serial_shops,
          nicolae_shop_gibbet_a_chance, nicolae_wormholes, uniq_jessica
D:4:      layout_rooms, bloody_makhleb, serial_curves, eino_curves_03,
          eino_curves_01, st_stairs_1

Skill      XL: |  1  2  3  4 |
---------------+-------------+-----
Maces & Flails | 3 4 |  4.7
Fighting       | 4 |  4.5
Armour         | |  1.5
Dodging        | |  1.5

Action                     |  1- 3 |  4- 6 || total
---------------------------+-------+-------++-------
  Melee: Mace              |   120 |   126 ||   246
         Punch             |     1 |     1 ||     2
  Throw: Dart              |     5 |    14 ||    19
 Invoke: Trog's Hand       |       |     2 ||     2
    Use: Scroll            |       |     4 ||     4
 Armour: Ring mail         |    53 |       ||    53
         Scale mail        |    26 |    90 ||   116
  Dodge: Dodged            |    59 |    63 ||   122

Table legend: (Time is in decaauts)
 A = Elapsed time spent in this place.
 B = Non-inter-level travel time spent in this place.
 C = Inter-level travel time spent in this place.
 D = Time resting spent in this place.
 E = Time spent auto-exploring this place.
 F = Levels seen in this place.
 G = Mean time per level.
                   A        B        C        D        E       F      G
               +--------+--------+--------+--------+--------+-----+--------+
         Total |   2580 |   2448 |    132 |    322 |   1397 |   4 |  645.0 |
       Dungeon |   2580 |   2448 |    132 |    322 |   1397 |   4 |  645.0 |
               +--------+--------+--------+--------+--------+-----+--------+

Top non-repeatable levels by time:
     D:2: 1349 daAuts
     D:3: 951 daAuts
     D:1: 271 daAuts
     D:4: 7 daAuts
